AoeStats
← Ancrypto

Lombardia

509920790Analyzed
2v2 RM · 3d ago on Sep 28, 2026· 37m 10s· 4 players
Game mode
Random Map
Map size
Medium (4 player)
Population
200
Speed
Normal
Resources
Standard
Victory
Conquest
Starting age
Dark Age
Ending age
Imperial Age
RankedLock teamsTeams togetherTeam positionsShared explorationLock speedFull tech treeHidden civsTurbo modeCheats
Victory
Defeat
🇺🇸 Mongols · United States
991
+16
🇺🇸 Huns · United States
961
+18
🇳🇱 Portuguese · Netherlands
1000
-51
🇳🇱 Spanish · Netherlands
1000
-51
Haze42020
10:06 Feudal Age
9:21 Loom
14:16 Castle Age
14:04 Double-Bit Axe
24:09 Horse Collar
25:02 Heavy Plow
25:52 Wheelbarrow
26:45 Bow Saw
28:03 Gold Mining
36:16 Imperial Age
34:11 Hand Cart
34:50 Bloodlines
35:39 Ballistics
35:21 Stone Mining
36:07 Gold Shaft Mining
36:04 Fletching
37:00 Stone Shaft Mining
36:59 Coinage
36:36 Capped Ram
KentaviousJR
11:49 Feudal Age
17:22 Castle Age
16:29 Double-Bit Axe
17:02 Fletching
18:37 Bodkin Arrow
20:47 Bow Saw
22:12 Ballistics
26:52 Wheelbarrow
26:03 Loom
26:12 Gold Mining
29:04 Forging
29:00 Scale Barding Armor
29:41 Hand Cart
33:03 Gold Shaft Mining
33:42 Stone Mining
33:42 Horse Collar
34:40 Iron Casting
34:26 Chain Barding Armor
34:08 Padded Archer Armor
34:16 Thumb Ring
Licrovan
6:23 Loom
13:19 Feudal Age
15:58 Double-Bit Axe
19:01 Castle Age
18:19 Horse Collar
23:07 Pikeman
27:12 Scale Mail Armor
27:15 Padded Archer Armor
27:25 Forging
27:21 Scale Barding Armor
28:51 Heavy Plow
Ancrypto
12:32 Feudal Age
22:41 Castle Age
21:59 Scale Barding Armor
22:17 Padded Archer Armor
23:04 Elite Skirmisher
26:23 Pikeman
Connection lost

Rejoining the realm…

Still unreachable

The connection could not be restored.

Session expired

The server has moved on; the page needs a fresh start.